TOP OF THE 1ST |
Detroit Tigers batting - Pitching for Seattle Mariners : RHP Bas Kooy
|
Pitching: RHP Bas Kooy
|
|
Batting: RHB Greg Harman
|
0-0: Foul Ball, location: 2F 0-1: Foul Ball, location: 2F 0-2: Foul Ball, location: 2F 0-2: Ball 1-2: Fly out, F7 (Flyball, 78D, EV 96.3 MPH)
|
Batting: LHB Jordan Villa
|
0-0: Called Strike 0-1: Ground out 6-3 (Groundball, 4MD, EV 89.4 MPH)
|
Batting: RHB Randy Shrewsbury
|
0-0: Ball 1-0: Fly out, F9 (Line Drive, 9D, EV 86.9 MPH)
|
Top of the 1st over - 0 runs, 0 hits, 0 errors, 0 left on base; Detroit 0 - Seattle 0 |
BOTTOM OF THE 1ST |
Seattle Mariners batting - Pitching for Detroit Tigers : RHP Franklin Rojas
|
Pitching: RHP Franklin Rojas
|
|
Batting: RHB Jose Vasquez
|
0-0: Called Strike 0-1: DOUBLE (Groundball, 5L, EV 104.4 MPH)
|
Batting: LHB Dae-ik Yoon
|
0-0: Ground out 6-3 (Groundball, 6, EV 79.4 MPH) Jose Vasquez to third
|
Batting: SHB Floyd-William Goof
|
0-0: Foul Ball, location: 2F 0-1: Swinging Strike 0-2: Ball 1-2: Ball 2-2: Ball 3-2: Fly out, F8 (Flyball, 8LD, EV 101.3 MPH)
|
Batting: SHB Tze-meng Gan
|
0-0: Ground out 6-3 (Groundball, 6, EV 91.3 MPH)
|
Bottom of the 1st over - 0 runs, 1 hit, 0 errors, 1 left on base; Detroit 0 - Seattle 0 |
TOP OF THE 2ND |
Detroit Tigers batting - Pitching for Seattle Mariners : RHP Bas Kooy
|
Batting: LHB Tyler Davis
|
0-0: Called Strike 0-1: SINGLE (Flyball, 9S, EV 91.9 MPH)
|
Batting: RHB Ryan Neal
|
0-0: Ball 1-0: Called Strike 1-1: Reached on error, E1 (Groundball, 25, EV 65.0 MPH) Tyler Davis to second
|
Batting: RHB Victor Quinones
|
0-0: Ball 1-0: Called Strike 1-1: 3-RUN HOME RUN (Line Drive, 7LD, EV 95.6 MPH), Distance : 344 ft
|
Batting: RHB Luke Feeney
|
0-0: Ground out 5-3 (Groundball, 56S, EV 66.3 MPH)
|
Batting: LHB Emmanuel Gaskin
|
0-0: Called Strike 0-1: Ball 1-1: Ball 2-1: Ball 3-1: Base on Balls
|
Batting: RHB Adrian Novakovic
|
0-0: Called Strike 0-1: Foul Ball, location: 2F 0-2: Ball 1-2: Ball 2-2: Strikes out swinging
|
Batting: RHB Greg Harman
|
0-0: Foul Ball, location: 2F 0-1: Foul Ball, location: 2F 0-2: Strikes out swinging
|
Top of the 2nd over - 3 runs, 2 hits, 1 error, 1 left on base; Detroit 3 - Seattle 0 |
BOTTOM OF THE 2ND |
Seattle Mariners batting - Pitching for Detroit Tigers : RHP Franklin Rojas
|
Batting: LHB Bi-jun Chien
|
0-0: Ball 1-0: Called Strike 1-1: SINGLE (Groundball, 34D, EV 104.4 MPH)
|
Batting: RHB Steve Bartman Jr.
|
0-0: Ball 1-0: Grounds into double play, 4-6-3 (Groundball, 4, EV 94.4 MPH)
|
Batting: LHB John Zumbo
|
0-0: Called Strike 0-1: Ball 1-1: Foul Ball, location: 2F 1-2: Ball 2-2: Foul Ball, location: 2F 2-2: Fly out, F7 (Line Drive, 7, EV 91.9 MPH)
|
Bottom of the 2nd over - 0 runs, 1 hit, 0 errors, 0 left on base; Detroit 3 - Seattle 0 |
TOP OF THE 3RD |
Detroit Tigers batting - Pitching for Seattle Mariners : RHP Bas Kooy
|
Batting: LHB Jordan Villa
|
0-0: Swinging Strike 0-1: Foul Ball, location: 2F 0-2: Ball 1-2: Ball 2-2: Ground out 6-3 (Groundball, P, EV 89.4 MPH)
|
Batting: RHB Randy Shrewsbury
|
0-0: Called Strike 0-1: Ball 1-1: Ball 2-1: Ball 3-1: Called Strike 3-2: Strikes out swinging
|
Batting: LHB Tyler Davis
|
0-0: Foul Ball, location: 2F 0-1: Ground out 6-3 (Groundball, 4, EV 91.3 MPH)
|
Top of the 3rd over - 0 runs, 0 hits, 0 errors, 0 left on base; Detroit 3 - Seattle 0 |
BOTTOM OF THE 3RD |
Seattle Mariners batting - Pitching for Detroit Tigers : RHP Franklin Rojas
|
Batting: RHB Young-kwang Ohnn
|
0-0: Ball 1-0: Called Strike 1-1: Swinging Strike 1-2: SOLO HOME RUN (Line Drive, 7LD, EV 96.3 MPH), Distance : 350 ft
|
Batting: RHB Corey Ottinger
|
0-0: Swinging Strike 0-1: Ball 1-1: Swinging Strike 1-2: Foul Ball, location: 2F 1-2: Strikes out looking
|
Batting: RHB Jose Vasquez
|
0-0: Called Strike 0-1: Ball 1-1: Swinging Strike 1-2: Ground out 5-3 (Groundball, 56S, EV 74.4 MPH)
|
Batting: LHB Dae-ik Yoon
|
0-0: Ball 1-0: Foul Ball, location: 2F 1-1: Swinging Strike 1-2: Ground out 4-3 (Groundball, 4, EV 102.5 MPH)
|
Bottom of the 3rd over - 1 run, 1 hit, 0 errors, 0 left on base; Detroit 3 - Seattle 1 |
TOP OF THE 4TH |
Detroit Tigers batting - Pitching for Seattle Mariners : RHP Bas Kooy
|
Batting: RHB Ryan Neal
|
0-0: Swinging Strike 0-1: Ball 1-1: Fly out, F6 (Popup, 6D, EV 69.4 MPH)
|
Batting: RHB Victor Quinones
|
0-0: Fly out, F2 (Popup, 2LF, EV 84.4 MPH)
|
Batting: RHB Luke Feeney
|
0-0: Called Strike 0-1: Called Strike 0-2: Strikes out swinging
|
Top of the 4th over - 0 runs, 0 hits, 0 errors, 0 left on base; Detroit 3 - Seattle 1 |
BOTTOM OF THE 4TH |
Seattle Mariners batting - Pitching for Detroit Tigers : RHP Franklin Rojas
|
Batting: SHB Floyd-William Goof
|
0-0: Swinging Strike 0-1: Called Strike 0-2: Ball 1-2: Fly out, F5 (Popup, 56, EV 66.9 MPH)
|
Batting: SHB Tze-meng Gan
|
0-0: Ball 1-0: Foul Ball, location: 2F 1-1: Ball 2-1: Ball 3-1: Foul Ball, location: 2F 3-2: Base on Balls
|
Batting: LHB Bi-jun Chien
|
0-0: Ball 1-0: Foul Ball, location: 2F 1-1: Called Strike 1-2: Foul Ball, location: 2F 1-2: Ball 2-2: Foul Ball, location: 2F 2-2: SINGLE (Groundball, 34D, EV 101.3 MPH) (infield hit) Tze-meng Gan to second
|
Batting: RHB Steve Bartman Jr.
|
0-0: Called Strike 0-1: Foul Ball, location: 2F 0-2: Foul Ball, location: 2F 0-2: Ball 1-2: Grounds into double play, 6-4-3 (Groundball, 6M, EV 80.0 MPH)
|
Bottom of the 4th over - 0 runs, 1 hit, 0 errors, 1 left on base; Detroit 3 - Seattle 1 |
TOP OF THE 5TH |
Detroit Tigers batting - Pitching for Seattle Mariners : RHP Bas Kooy
|
Batting: LHB Emmanuel Gaskin
|
0-0: Foul Ball, location: 2F 0-1: Ball 1-1: Ball 2-1: Ball 3-1: Foul Ball, location: 2F 3-2: Foul Ball, location: 2F 3-2: Ground out U3 (Groundball, 34, EV 106.3 MPH)
|
Batting: RHB Adrian Novakovic
|
0-0: Swinging Strike 0-1: Swinging Strike 0-2: Strikes out swinging
|
Batting: RHB Greg Harman
|
0-0: Called Strike 0-1: Called Strike 0-2: Foul Ball, location: 2F 0-2: Ball 1-2: Ball 2-2: Strikes out swinging
|
Top of the 5th over - 0 runs, 0 hits, 0 errors, 0 left on base; Detroit 3 - Seattle 1 |
BOTTOM OF THE 5TH |
Seattle Mariners batting - Pitching for Detroit Tigers : RHP Franklin Rojas
|
Batting: LHB John Zumbo
|
0-0: Ball 1-0: Foul Ball, location: 2F 1-1: SINGLE (Flyball, 4MD, EV 92.5 MPH)
|
Batting: RHB Young-kwang Ohnn
|
0-0: Reached on error, E5 (Groundball, 56, EV 104.4 MPH) John Zumbo to second
|
Batting: RHB Corey Ottinger
|
0-0: Ball 1-0: Called Strike 1-1: Ball 2-1: Foul Ball, location: 2F 2-2: Strikes out looking
|
Batting: RHB Jose Vasquez
|
0-0: Grounds into double play, 6-4-3 (Groundball, 6, EV 87.5 MPH)
|
Bottom of the 5th over - 0 runs, 1 hit, 1 error, 1 left on base; Detroit 3 - Seattle 1 |
TOP OF THE 6TH |
Detroit Tigers batting - Pitching for Seattle Mariners : RHP Bas Kooy
|
Batting: LHB Jordan Villa
|
0-0: Ball 1-0: SINGLE (Line Drive, 3D, EV 95.6 MPH)
|
Batting: RHB Randy Shrewsbury
|
0-0: Ball 1-0: Ball 2-0: Foul Ball, location: 2F 2-1: Called Strike 2-2: Foul Ball, location: 2F 2-2: DOUBLE (Flyball, 8RXD, EV 92.5 MPH) Jordan Villa to third
|
Batting: LHB Tyler Davis
|
0-0: Ball 1-0: Swinging Strike 1-1: Foul Ball, location: 2F 1-2: Ball 2-2: Strikes out looking
|
Batting: RHB Ryan Neal
|
0-0: SINGLE (Line Drive, 7S, EV 92.5 MPH) Jordan Villa scores Randy Shrewsbury to third Runner from 3rd tries for Home, SAFE, throw by LF to home
|
Batting: RHB Victor Quinones
|
0-0: Foul Ball, location: 2F 0-1: Grounds into double play, 5-4-3 (Groundball, 56, EV 98.1 MPH)
|
Top of the 6th over - 2 runs, 3 hits, 0 errors, 0 left on base; Detroit 5 - Seattle 1 |
BOTTOM OF THE 6TH |
Seattle Mariners batting - Pitching for Detroit Tigers : RHP Franklin Rojas
|
Batting: LHB Dae-ik Yoon
|
0-0: Called Strike 0-1: Foul Ball, location: 2F 0-2: Foul Ball, location: 2F 0-2: Foul Ball, location: 2F 0-2: Ball 1-2: Strikes out swinging
|
Batting: SHB Floyd-William Goof
|
0-0: Called Strike 0-1: Called Strike 0-2: Ball 1-2: SINGLE (Line Drive, 9S, EV 103.1 MPH)
|
Batting: SHB Tze-meng Gan
|
0-0: Ball 1-0: Ball 2-0: Called Strike 2-1: Ball 3-1: Called Strike 3-2: Fly out, F2 (Popup, 25F, EV 89.4 MPH)
|
Batting: LHB Bi-jun Chien
|
0-0: Ball Floyd-William Goof steals 2nd base 1-0: Foul Ball, location: 2F 1-1: Foul Ball, location: 2F 1-2: DOUBLE (Line Drive, 7LM, EV 111.9 MPH) Floyd-William Goof scores
|
Batting: RHB Steve Bartman Jr.
|
0-0: Fly out, F8 (Flyball, 78S, EV 79.4 MPH)
|
Bottom of the 6th over - 1 run, 2 hits, 0 errors, 1 left on base; Detroit 5 - Seattle 2 |
TOP OF THE 7TH |
Detroit Tigers batting - Pitching for Seattle Mariners : RHP Bas Kooy
|
Pitching: RHP William Cordero
|
|
Batting: RHB Luke Feeney
|
0-0: Ball 1-0: Ball 2-0: Called Strike 2-1: Foul Ball, location: 2F 2-2: Ground out 4-3 (Groundball, 4, EV 93.8 MPH)
|
Batting: LHB Emmanuel Gaskin
|
0-0: Ball 1-0: Ball 2-0: Swinging Strike 2-1: Ball 3-1: Foul Ball, location: 2F 3-2: Base on Balls
|
Batting: RHB Adrian Novakovic
|
0-0: Called Strike 0-1: Foul Ball, location: 2F 0-2: Ball 1-2: SINGLE (Groundball, 6D, EV 102.5 MPH) Emmanuel Gaskin to second Runner from 2nd tries for 3rd, SAFE, no throw by CF
|
Batting: RHB Greg Harman
|
0-0: Ball Pickoff Throw to First - Error! E1 Emmanuel Gaskin scores Adrian Novakovic to second 1-0: Swinging Strike 1-1: Called Strike 1-2: Ball 2-2: Strikes out swinging
|
Batting: LHB Jordan Villa
|
0-0: Ball 1-0: Swinging Strike 1-1: Ground out 6-3 (Groundball, P, EV 78.8 MPH)
|
Top of the 7th over - 1 run, 1 hit, 1 error, 1 left on base; Detroit 6 - Seattle 2 |
BOTTOM OF THE 7TH |
Seattle Mariners batting - Pitching for Detroit Tigers : RHP Franklin Rojas
|
Batting: LHB John Zumbo
|
0-0: Swinging Strike 0-1: Foul Ball, location: 2F 0-2: Strikes out swinging
|
Batting: RHB Young-kwang Ohnn
|
0-0: Foul Ball, location: 2F 0-1: Called Strike 0-2: Strikes out looking
|
Batting: RHB Corey Ottinger
|
0-0: Fly out, F7 (Flyball, 7, EV 94.4 MPH)
|
Bottom of the 7th over - 0 runs, 0 hits, 0 errors, 0 left on base; Detroit 6 - Seattle 2 |
TOP OF THE 8TH |
Detroit Tigers batting - Pitching for Seattle Mariners : RHP William Cordero
|
Pitching: RHP Elias Gonzalez
|
|
Batting: RHB Randy Shrewsbury
|
0-0: Called Strike 0-1: Ball 1-1: Ball 2-1: SINGLE (Groundball, 56S, EV 71.3 MPH) (infield hit)
|
Batting: LHB Tyler Davis
|
0-0: Ball 1-0: 2-RUN HOME RUN (Flyball, 9D, EV 93.8 MPH), Distance : 371 ft
|
Batting: RHB Ryan Neal
|
0-0: Called Strike 0-1: Called Strike 0-2: Ball 1-2: Ball 2-2: Ground out U3 (Groundball, 34S, EV 85.6 MPH)
|
Batting: RHB Victor Quinones
|
0-0: Called Strike 0-1: Ball 1-1: Swinging Strike 1-2: Foul Ball, location: 2F 1-2: Foul Ball, location: 2F 1-2: Ground out 3-1 (Groundball, 34, EV 90.6 MPH)
|
Batting: RHB Luke Feeney
|
0-0: Foul Ball, location: 2F 0-1: Ball 1-1: Swinging Strike 1-2: Strikes out swinging
|
Top of the 8th over - 2 runs, 2 hits, 0 errors, 0 left on base; Detroit 8 - Seattle 2 |
BOTTOM OF THE 8TH |
Seattle Mariners batting - Pitching for Detroit Tigers : RHP Franklin Rojas
|
Batting: RHB Jose Vasquez
|
0-0: Called Strike 0-1: Foul Ball, location: 2F 0-2: Ball 1-2: Foul Ball, location: 2F 1-2: Strikes out swinging
|
Pitching: RHP Steve McGaughey
|
|
Batting: LHB Dae-ik Yoon
|
0-0: Ball 1-0: Ball 2-0: Called Strike 2-1: Ball 3-1: Base on Balls
|
Batting: SHB Floyd-William Goof
|
0-0: Called Strike 0-1: Ball 1-1: 2-RUN HOME RUN (Flyball, 9D, EV 102.5 MPH), Distance : 385 ft
|
Batting: SHB Tze-meng Gan
|
0-0: Ball 1-0: Fly out, F9 (Flyball, 89M, EV 89.4 MPH)
|
Batting: LHB Bi-jun Chien
|
0-0: Fly out, F8 (Flyball, 8RM, EV 90.0 MPH)
|
Bottom of the 8th over - 2 runs, 1 hit, 0 errors, 0 left on base; Detroit 8 - Seattle 4 |
TOP OF THE 9TH |
Detroit Tigers batting - Pitching for Seattle Mariners : RHP Elias Gonzalez
|
Batting: LHB Emmanuel Gaskin
|
0-0: Called Strike 0-1: SINGLE (Line Drive, 9LM, EV 92.5 MPH)
|
Batting: RHB Adrian Novakovic
|
0-0: Ball 1-0: Called Strike 1-1: Grounds into double play, 4-6-3 (Groundball, 4M, EV 87.5 MPH)
|
Batting: RHB Greg Harman
|
0-0: Ball 1-0: Ball 2-0: Fly out, F8 (Flyball, 8LM, EV 96.3 MPH)
|
Top of the 9th over - 0 runs, 1 hit, 0 errors, 0 left on base; Detroit 8 - Seattle 4 |
BOTTOM OF THE 9TH |
Seattle Mariners batting - Pitching for Detroit Tigers : RHP Steve McGaughey
|
Pitching: RHP Eric Putnam
|
|
Batting: RHB Steve Bartman Jr.
|
0-0: Ball 1-0: Ball 2-0: Called Strike 2-1: Fly out, F8 (Flyball, 8LXD, EV 90.0 MPH)
|
Batting: LHB John Zumbo
|
0-0: Ground out 3-1 (Groundball, 34, EV 101.3 MPH)
|
Batting: RHB Young-kwang Ohnn
|
0-0: Called Strike 0-1: Ball 1-1: Ball 2-1: Called Strike 2-2: Fly out, F8 (Flyball, 8RS, EV 85.6 MPH)
|
Bottom of the 9th over - 0 runs, 0 hits, 0 errors, 0 left on base; Detroit 8 - Seattle 4 |
|